 Dungeon Crawl Stone Soup version 0.29.0-4-gdea44cf6ec (webtiles) character file.

Game seed: 11263341199217648740

37 qw the Chopper (level 3, 0/21 HPs)
             Began as a Tengu Warper on Aug 28, 2022.
             Slain by Terence
             ... wielding a +0 falchion
              (5 damage)
             ... on level 2 of the Dungeon.
             The game lasted 00:00:06 (1573 turns).

qw the Chopper (Tengu Warper)                       Turns: 1573, Time: 00:00:07

Health: 0/21       AC:  5    Str: 13    XL:     3   Next: 39%
Magic:  7/7        EV: 11    Int: 13    God:
Gold:   113        SH:  0    Dex: 13    Spells: 6/6 levels left

rFire   + . .      SeeInvis .   Y - +0 hand axe
rCold   . . .      Faith    .   (no shield)
rNeg    . . .      Spirit   .   f - +0 ring mail
rPois   .          Reflect  .   (helmet restricted)
rElec   .          Harm     .   (no cloak)
rCorr   .          Rampage  .   (no gloves)
Will    .....                   (boots unavailable)
Stlth   +.........              (no amulet)
HPRegen 0.07/turn               i - ring of protection from fire
MPRegen 0.10/turn               (no ring)

@: no status effects
A: beak, talons 3
a: no special abilities


You were on level 2 of the Dungeon.
You visited 1 branch of the dungeon, and saw 2 of its levels.

You collected 113 gold pieces.


Innate Abilities, Weirdness & Mutations

You have a beak for a mouth.
You have claws for feet.


   Skills:
 - Level 2.0 Fighting
 + Level 4.1 Axes
 - Level 1.0 Throwing
 - Level 1.1 Armour
 - Level 2.1 Dodging
 - Level 2.0 Spellcasting
 - Level 2.4 Translocations


You had 6 spell levels left.
You didn't know any spells.
Your spell library contained the following spells:

 Spells                   Type           Power      Damage    Failure   Level
 Blink                    Tloc           14%        N/A       30%         2
 Gell's Gravitas          Tloc           7%         N/A       52%         3
 Lesser Beckoning         Tloc           7%         N/A       52%         3
 Teleport Other           Tloc           7%         N/A       52%         3
 Manifold Assault         Tloc           7%         N/A       99%         5

Inventory:

Hand Weapons
 d - a +0 club
 Y - a +0 hand axe (weapon)
Armour
 f - a +0 ring mail (worn)
Jewellery
 i - a ring of protection from fire (left hand)
Potions
 e - a potion of attraction {unknown}
 k - 2 potions of heal wounds {unknown}

Dungeon Overview and Level Annotations

Branches:
Dungeon (2/15)

Altars:

Annotations:
D:2 Terence


Message History

You hit the quokka.
You kill the quokka!
You hit the frilled lizard.
You kill the frilled lizard!
You start resting.
HP restored.
You see here a quokka corpse.
Found a stone staircase leading down.
You now have 113 gold pieces (gained 4).
k - 2 puce potions (gained 1) Terence and a goblin come into view.
Terence shouts!
The goblin shouts!
The goblin moves out of view.
Enter note: An endoplasm comes into view.
1565 ||| Stepping ~*~*~tactically~*~*~ (stealth).
The endoplasm quivers.
You hit Terence. You claw Terence. Your peck misses Terence.
Terence is lightly wounded.
You hit the goblin.
You kill the goblin!
Terence hits you with a +0 falchion.
You hit Terence but do no damage. You peck Terence, but do no damage.
Terence is lightly wounded.
Terence misses you.
You hit Terence.
Terence is moderately wounded.
Terence hits you with a +0 falchion. Terence barely misses you.
You hit Terence but do no damage.
Terence is moderately wounded.
Terence looks scornfully at you. Terence hits you with a +0 falchion!
You hit Terence but do no damage. Your kick misses Terence.
You peck Terence, but do no damage.
Terence is moderately wounded.
Terence closely misses you.
You hit Terence but do no damage. You claw Terence, but do no damage.
Terence is moderately wounded.
Terence hits you with a +0 falchion.
You die...

.##..#...>.......
.....#..................
##...##.......>##.......
#...###..........!......
....##..........#.......
................#..[....
#...%#%.................
###..............@......
#%.%..........@#......
#...#............)......
##......................
##.#....#####..###.....
#...##................
#..#########..........
... ........!.. ....
.#.......... ...........


You could see Terence.

Vanquished Creatures
  3 endoplasms (D:1)
  A giant cockroach (D:1)
  A goblin (D:2)
  2 hobgoblins (D:1)
  10 jackals
  2 kobolds
  2 quokkas (D:2)
  2 ball pythons (D:1)
  A bat (D:1)
  7 frilled lizards
31 creatures vanquished.

Notes
Turn   | Place    | Note
-------+----------+-------------------------------------------
     0 | D:1      | qw the Tengu Warper began the quest for the Orb.
     0 | D:1      | Reached XP level 1. HP: 12/12 MP: 4/4
     0 | D:1      | 0 ||| qw: Version: 0.1-a-89-g26bdef1
     0 | D:1      | 0 ||| qw: Game counter: 1579
     0 | D:1      | 0 ||| qw: Always use a shield: true
     0 | D:1      | 0 ||| qw: God list: Okawaru
     0 | D:1      | 0 ||| qw: Allow faded altars: false
     0 | D:1      | 0 ||| qw: Do Orc after D:15 true
     0 | D:1      | 0 ||| qw: Do second Lair branch before Depths: true
     0 | D:1      | 0 ||| qw: Lair rune preference: random
     0 | D:1      | 0 ||| qw: Plans: Normal
     0 | D:1      | 0 ||| PLANNING D:1-11
    12 | D:1      | Found a faded altar of an unknown god.
   281 | D:1      | Reached skill level 3 in Axes
   281 | D:1      | Reached XP level 2. HP: 14/17 MP: 6/6
   429 | D:1      | 429 ||| Stepping ~*~*~tactically~*~*~ (stealth).
   431 | D:1      | 431 ||| Stepping ~*~*~tactically~*~*~ (stealth).
   440 | D:1      | 440 ||| Stepping ~*~*~tactically~*~*~ (stealth).
   478 | D:1      | 478 ||| Stepping ~*~*~tactically~*~*~ (stealth).
   491 | D:1      | HP: 3/17 [jackal (2)]
   492 | D:1      | HP: 1/17 [jackal (2)]
  1041 | D:1      | 1041 ||| Stepping ~*~*~tactically~*~*~ (stealth).
  1042 | D:1      | 1042 ||| Stepping ~*~*~tactically~*~*~ (stealth).
  1274 | D:1      | 1274 ||| UPGRADING to +0 ring mail.
  1284 | D:1      | 1284 ||| DROPPING +0 leather armour.
  1285 | D:1      | 1285 ||| UPGRADING to ring of protection from fire.
  1286 | D:1      | 1286 ||| READING scroll labelled TAWYHI MUDI.
  1287 | D:1      | 1287 ||| READING scroll labelled ECWIRRA FIWNE.
  1288 | D:1      | 1288 ||| READING scroll labelled YNKOCO XESOMO.
  1289 | D:1      | 1289 ||| DROPPING scroll of blinking.
  1325 | D:2      | Reached XP level 3. HP: 21/21 MP: 7/7
  1369 | D:2      | Reached skill level 4 in Axes
  1562 | D:2      | Noticed Terence
  1565 | D:2      | 1565 ||| Stepping ~*~*~tactically~*~*~ (stealth).
  1571 | D:2      | HP: 5/21 [Terence/+0 falchion (7)]
  1573 | D:2      | Slain by Terence

Levels and vault maps discovered:
D:1:      reono_arrival_mine, layout_loops_ring, ebering_ecumenical_altar_hall
D:2:      layout_rooms, serial_park_tiny_pond, minmay_tree_intersection,
          uniq_natasha, uniq_crazy_yiuf_cottage, uniq_terence

Skill      XL: |  1  2  3 |
---------------+----------+-----
Axes           | 3 4 |  4.1
Fighting       | |  2.0
Throwing       | |  1.0
Armour         | |  1.1
Dodging        | |  2.1
Spellcasting   | |  2.0
Translocations | |  2.4

Action                   || total
-------------------------++-------
Melee: Hand axe          ||    87
       Kick              ||    18
       Peck              ||     9
       Punch             ||     2
Throw: Boomerang         ||     7
  Use: Scroll            ||     3
Armor: Leather armour    ||    25
       Ring mail         ||    12
Dodge: Dodged            ||    74

Table legend:
 A = Non-vault XP
 B = Vault XP
 C = Vault XP percentage of total XP
 D = Non-vault monster count
 E = Vault monster count
 F = Vault count percentage of total count
                 A         B        C        D         E       F
            +---------+---------+-------+---------+---------+-------
      Total |      53 |       0 |   0.0 |      31 |       0 |   0.0
            +---------+---------+-------+---------+---------+-------
        D:1 |      33 |       0 |   0.0 |      19 |       0 |   0.0
        D:2 |      20 |       0 |   0.0 |      12 |       0 |   0.0
            +---------+---------+-------+---------+---------+-------
